 Dungeon Crawl Stone Soup version 0.31-a0-675-g238779eb0a (webtiles) character file.

Game seed: 9083558028598973548

19219 Xavori the Covert (level 12, -2/81 HPs)
             Began as an Octopode Chaos Knight on Sept 5, 2023.
             Was a Plaything of Xom.
             Killed from afar by a frost giant (29 damage)
             ... with a bolt of cold
             ... in an ice cave.
             The game lasted 00:16:56 (29704 turns).

Xavori the Covert (Octopode Chaos Knight)          Turns: 29704, Time: 00:16:56

Health: -2/81      AC:  8    Str: 19    XL:     12   Next: 66%
Magic:  9/9        EV: 14    Int: 23    God:    Xom [.....*]
Gold:   649        SH: 17    Dex: 11    Spells: 10/11 levels left

rFire   + . .        c - +6 quick blade of Wet Xeav {chaos, rN+ Str+3 Int+2 Dex-2}
rCold   . . .        H - +4 kite shield {AC+3}
rNeg    + + .        (helmet currently unavailable)
rPois   .            x - amulet "Voddiuff" {Faith +Inv Will+ Str+4}
rElec   .            d - +4 ring of protection
rCorr   +            h - ring of positive energy
SInv    .            u - +6 ring of intelligence
Will    +....        A - ring of resist corrosion
Stlth   +++++++      D - ring of flight
HPRegen 0.33/turn    e - ring of wizardry
MPRegen 0.11/turn    (no ring)
                     (no ring)

%: random rage (3%), faith, wizardry (x1)
@: mighty, beast-form, flying, invisible
A: beast (slay +4), almost no armour, amphibious, 8 rings, camouflage 1,
gelatinous body 1, nimble swimmer 1, tentacles, tentacle spike 1, large bone
plates 1, berserk 1, clumsy 1, fire resistance 1, low MP 2, screaming 2
a: Begin Untransformation, Renounce Religion, Evoke Invisibility


You were in an ice cave.
You worshipped Xom.
You were Xom's teddy bear.
You were a hulking beast.
You visited 1 branch of the dungeon, and saw 11 of its levels.
You also visited: Bailey and Ice Cave.

You collected 749 gold pieces.
You spent 100 gold pieces at shops.

Inventory:

Hand Weapons
 a - a +0 short sword of chaos
 c - the +6 quick blade of Wet Xeav (weapon) {chaos, rN+ Str+3 Int+2 Dex-2}
   (Xom gifted it to you on level 6 of the Dungeon)

   Str+3:     It affects your strength (+3).
   Int+2:     It affects your intelligence (+2).
   Dex-2:     It affects your dexterity (-2).
   rN+:       It protects you from negative energy.
 k - a +3 short sword
Armour
 H - a +4 kite shield of protection (worn)
Jewellery
 d - a +4 ring of protection (left tentacle)
 e - a ring of wizardry (on tentacle)
 h - a ring of positive energy (right tentacle)
 u - a +6 ring of intelligence (on tentacle)
 x - the amulet "Voddiuff" (around mantle) {Faith +Inv Will+ Str+4}
   (You found it on level 5 of the Dungeon)

   [amulet of faith]

   Faith:     It allows you to gain divine favour quickly.
   Str+4:     It affects your strength (+4).
   Will+:     It increases your willpower.
   +Inv:      It lets you turn invisible.
 A - a ring of resist corrosion (on tentacle)
 D - a ring of flight (on tentacle)
Talismans
 s - a beast talisman (active)
Wands
 z - a wand of roots (8)
 C - a wand of mindburst (16)
 F - a wand of flame (21)
Scrolls
 b - a scroll of butterflies
 f - 2 scrolls of teleportation
 g - a scroll of noise
 j - a scroll of torment
 r - a scroll of enchant weapon
 t - 2 scrolls of blinking
 w - a scroll of immolation
 E - 4 scrolls of identify
Potions
 i - 6 potions of curing
 l - a potion of magic
 n - a potion of brilliance
 o - 2 potions of enlightenment
 p - 3 potions of might
 B - a potion of haste
 G - 2 potions of mutation


   Skills:
 + Level 7.3 Fighting
 + Level 9.9 Short Blades
 + Level 0.4 Throwing
 + Level 7.9 Dodging
 + Level 13.5 Stealth
 + Level 5.8 Shields
 * Level 7.5 Evocations
 * Level 7.3 Shapeshifting


You had 10 spell levels left.
You knew the following spells:

 Your Spells              Type           Power      Damage    Failure   Level
a - Slow                  Hex            0%         N/A       14%         1

Your spell library contained the following spells:

 Spells                   Type           Power      Damage    Failure   Level
 Poisonous Vapours        Pois/Air       0%         N/A       21%         2
 Call Canine Familiar     Summ           0%         N/A       38%         3
 Confusing Touch          Hex            0%         N/A       38%         3
 Mephitic Cloud           Conj/Pois/Air  0%         N/A       38%         3
 Portal Projectile        Hex/Tloc       0%         N/A       38%         3
 Summon Guardian Golem    Hex/Summ       0%         N/A       38%         3
 Vampiric Draining        Necr           0%         2d6       38%         3
 Leda's Liquefaction      Hex/Erth       0%         N/A       77%         4
 Freezing Cloud           Conj/Ice/Air   0%         6-21      98%         5
 Orb of Destruction       Conj           0%         9d5       100%        7
 Spellforged Servitor     Conj/Summ      0%         N/A       100%        7


Dungeon Overview and Level Annotations

Branches:
Dungeon (11/15)            Temple (0/1) D:6            Lair (0/5) D:11
    Orc (0/2) D:10         Bailey (visited)           IceCv (1/1)

Altars:
Ashenzari
Fedhas
Nemelex Xobeh
Qazlal
Uskayaw
Vehumet
Xom
Yredelemnul
The Shining One

Shops:
D:1 *   D:9 (

Annotations:
D:10 2 transporters, DocEon's ghost, journeyman DrSh


Innate Abilities, Weirdness & Mutations

You are a hulking beast.
Your limbs bulge with bestial killing power. (Slay +4)
You cannot wear most types of armour.
You are amphibious.
You can wear up to eight rings at the same time.
Your skin changes colour to match your surroundings (Stealth+).
Your rubbery body absorbs attacks. (AC +1, EV +1)
You are camouflaged when in or above water. (Stealth+)
You have tentacles for arms and can constrict up to eight enemies at once.
One of your tentacles bears a spike.
You are partially covered in large bone plates. (SH +4)
You sometimes lose your temper in combat.
You are clumsy. (Dex -2)
Your flesh is heat resistant. (rF+)
Your magical capacity is very low. (-20% MP)
You frequently scream uncontrollably at your foes.


Message History

Xom twists space around you.
Your surroundings suddenly seem different.
Your surroundings seem slightly different.
Your surroundings suddenly seem different.
Your surroundings seem slightly different.
Your surroundings suddenly seem different.
Found 24 gold pieces, a quarterstaff of freezing and a bardiche of freezing.
Unknown command.
Unknown command.
A frost giant is nearby!
A frost giant is nearby!
Aiming: Paralyse
Press: ? - help, Shift-Dir - straight line, f - frost giant
Aim: a frost giant, wielding a +2 battleaxe of freezing (wandering, hasn't noticed you, chance to affect: 18%)
Okay, then.
Aiming: Paralyse
Press: ? - help, Shift-Dir - straight line, f - frost giant
Aim: a frost giant, wielding a +2 battleaxe of freezing (wandering, hasn't noticed you, chance to affect: 18%)
The frost giant shouts!
The frost giant resists with almost no effort.
The now-empty wand crumbles to dust.
You hear an angry hiss.
You hear a howl!
You hear an angry growl.
You hear a bellow!
The frost giant casts a spell at you. The bolt of cold hits you!
You're standing in a cloud of freezing vapour!
Okay, then.
Unknown command.
Okay, then.
Unknown command.
Okay, then.
Okay, then.
You fade into invisibility!
You emit a cloud of colourful smoke!
You feel much better.
You feel very mighty all of a sudden.
The frost giant points at you and mumbles some strange words.
The bolt of cold hits you!!
You die...
Xom is highly amused!

#.Y# #..# #§.#
#..# #..#)
...# ##.##.
...# #..
)$....#
#..##.....#
#..###..#####
##.....h##§§##
#.....#Ch§≈≈#
##...###§≈§≈≈#
#### #§#≈≈≈..#
######.## #


You could see a frost giant and a wolf.

Vanquished Creatures
  An emperor scorpion (Bailey)
  A broodmother (IceCv)
  A vault guard (Bailey)
  2 death yaks (IceCv)
  Amaemon (D:8)
  Pikel (D:4)
  2 manticores (D:11)
  An elephant (D:11)
  5 slime creatures (D:10)
  An orange demon (D:8)
  Jeremiah (D:9)
  A rime drake (IceCv)
  A troll (D:10)
  3 polar bears (IceCv)
  A hornet (D:9)
  Prince Ribbit (Bailey)
  A wyvern (D:11)
  6 humans
  19 yaks
  A human (shapeshifter) (D:7)
  4 vampire mosquitoes (D:8)
  A steam dragon (D:8)
  A water moccasin (D:5)
  2 ice beasts (D:6)
  5 orc warriors
  4 black bears
  A sky beast (D:8)
  An ogre (D:5)
  2 wolves (IceCv)
  A phantom (D:5)
  3 kobold brigands
  2 scorpions (D:5)
  13 bullfrogs
  A wyvern zombie (D:8)
  4 gnoll sergeants (D:5)
  4 wights (D:7)
  12 killer bees
  5 howler monkeys
  2 electric eels (D:7)
  5 centaur zombies (D:8)
  A jelly (D:7)
  2 gnoll boudas
  11 orc priests
  4 hounds
  A sleepcap (D:6)
  11 orc wizards
  8 iguanas
  2 killer bee zombies (D:8)
  A howler monkey zombie (D:8)
  14 gnolls
  4 adders
  A shadow imp (D:6)
  3 worms
  2 dart slugs
  37 orcs
  7 ball pythons
  6 bats
  5 endoplasms
  4 giant cockroaches
  11 goblins
  12 hobgoblins
  5 jackals
  4 quokkas
  4 frilled lizards (D:1)
  16 kobolds
  6 rats
306 creatures vanquished.

Vanquished Creatures (collateral kills)
  A two-headed ogre (D:9)
  Urug (D:10)
  A yak (D:9)
  4 centaurs (D:11)
  3 bullfrogs (Bailey)
  A gnoll (Bailey)
  A rat (D:1)
12 creatures vanquished.

Vanquished Creatures (others)
  2 yaks (D:10)
2 creatures vanquished.

Grand Total: 320 creatures vanquished

Notes
Turn   | Place    | Note
-------+----------+-------------------------------------------
     0 | D:1      | Xavori the Octopode Chaos Knight began the quest for the
                  | Orb.
     0 | D:1      | Reached XP level 1. HP: 16/16 MP: 1/1
   147 | D:1      | Reached XP level 2. HP: 19/21 MP: 2/2
   236 | D:1      | XOM: silly message
   324 | D:1      | XOM: silly message
   608 | D:1      | XOM: give mutation
   608 | D:1      | Gained mutation: You are clumsy. (Dex -2) [Xom's mischief]
   651 | D:1      | Reached XP level 3. HP: 26/26 MP: 3/3
   652 | D:1      | Found Fokluatzai's General Store.
   660 | D:1      | Bought a potion of curing for 30 gold pieces
  1348 | D:1      | XOM: give mutations
  1348 | D:1      | Gained mutation: You are dopey. (Int -2) [Xom's mischief]
  1348 | D:1      | Gained mutation: You sometimes lose your temper in combat.
                  | [Xom's mischief]
  1417 | D:1      | XOM: summons 2 hostile demons
  1461 | D:2      | XOM: noise
  1602 | D:1      | XOM: noise
  1719 | D:1      | XOM: noise
  1741 | D:1      | XOM: stat loss: -1 Str (10/11)
  1767 | D:1      | XOM is BORED!
  1767 | D:1      | XOM: torment (16/26 hp)
  2026 | D:1      | XOM: cloud trail
  2427 | D:1      | XOM: stat loss: -1 Int (11/12)
  3536 | D:1      | XOM: scenery: 1 doors open
  3925 | D:1      | XOM is BORED!
  4346 | D:1      | XOM: cloud trail
  4548 | D:1      | XOM: divination: detect creatures
  4826 | D:1      | XOM: scenery: 1 doors close
  5791 | D:1      | XOM: stat loss: -1 Str (9/11)
  6071 | D:1      | XOM: stat loss: -1 Dex (10/11)
  6117 | D:1      | XOM: give mutations
  6117 | D:1      | Gained mutation: You are very dopey. (Int -4) [Xom's
                  | mischief]
  6117 | D:1      | Lost mutation: You are clumsy. (Dex -2) [Xom's mischief]
  6237 | D:1      | XOM is BORED!
  6237 | D:1      | XOM: give mutations
  6237 | D:1      | Gained mutation: Your spells are a little easier to cast,
                  | but a little less powerful. [Xom's mischief]
  6237 | D:1      | Gained mutation: You do not regenerate when monsters are
                  | visible. [Xom's mischief]
  6398 | D:1      | XOM: give mutations
  6398 | D:1      | Lost mutation: You do not regenerate when monsters are
                  | visible. [Xom's mischief]
  6398 | D:1      | Gained mutation: You passively map a small area around you.
                  | [Xom's mischief]
  6424 | D:1      | XOM: stat loss: -1 Int (8/10)
  7369 | D:1      | XOM: scenery: 1 doors open
  7998 | D:1      | XOM: scenery: 1 doors close
  8450 | D:1      | XOM: god gift: 31 gold pieces
  8541 | D:1      | XOM: scenery: 1 doors open
  8697 | D:1      | XOM: scenery: 1 doors close
  8892 | D:1      | XOM: scenery: 1 doors open
  9153 | D:1      | XOM: give mutations
  9153 | D:1      | Gained mutation: You are clumsy. (Dex -2) [Xom's mischief]
  9153 | D:1      | Gained mutation: Your flesh is cold resistant. (rC+) [Xom's
                  | mischief]
  9194 | D:1      | XOM: give mutations
  9194 | D:1      | Lost mutation: You sometimes lose your temper in combat.
                  | [Xom's mischief]
  9194 | D:1      | Lost mutation: You are clumsy. (Dex -2) [Xom's mischief]
  9210 | D:1      | Bought a potion of heal wounds for 50 gold pieces
  9221 | D:1      | XOM: give mutation
  9221 | D:1      | Lost mutation: Your flesh is cold resistant. (rC+) [Xom's
                  | mischief]
  9361 | D:1      | XOM: give mutations
  9361 | D:1      | Gained mutation: You are clumsy. (Dex -2) [Xom's mischief]
  9361 | D:1      | Lost mutation: Your spells are a little easier to cast, but
                  | a little less powerful. [Xom's mischief]
  9834 | D:1      | XOM: give mutation
  9834 | D:1      | Gained mutation: Your body sometimes deteriorates upon
                  | taking damage. [Xom's mischief]
  9849 | D:2      | Found a faded altar of an unknown god.
  9858 | D:2      | Reached skill level 1 in Stealth
 10031 | D:2      | Reached skill level 2 in Stealth
 10031 | D:2      | Reached XP level 4. HP: 33/33 MP: 4/4
 10201 | D:2      | XOM: polymorph goblin -> jackal
 10323 | D:3      | XOM: cloud trail
 10492 | D:3      | Noticed a black bear
 10496 | D:3      | Killed a black bear
 10497 | D:3      | Reached skill level 4 in Stealth
 10497 | D:3      | Reached XP level 5. HP: 35/37 MP: 5/5
 10660 | D:3      | XOM: divination: detect items
 10666 | D:3      | XOM: divination: detect creatures
 10726 | D:3      | Found a stormy altar of Qazlal.
 10817 | D:3      | XOM: god gift: 31 gold pieces
 11065 | D:1      | Bought a scroll of identify for 20 gold pieces
 11245 | D:4      | Reached skill level 5 in Stealth
 11361 | D:4      | Noticed a lemure
 11362 | D:4      | Noticed Pikel
 11363 | D:4      | Noticed a lemure
 11364 | D:4      | Noticed a lemure
 11364 | D:4      | Noticed a lemure
 11364 | D:4      | XOM: scenery: create altars
 11372 | D:4      | Killed Pikel
 11373 | D:4      | Reached skill level 7 in Stealth
 11373 | D:4      | Reached XP level 6. HP: 25/43 MP: 6/6
 11373 | D:4      | Reached XP level 7. HP: 27/48 MP: 7/7
 11458 | D:4      | XOM: give mutation
 11458 | D:4      | Gained mutation: You are partially covered in iridescent
                  | scales. (AC +2) [Xom's grace]
 11582 | D:4      | XOM: god gift: phantom mirror
 11588 | D:4      | XOM: potion effect (heal wounds)
 11600 | D:4      | Reached skill level 5 in Short Blades
 11660 | D:4      | XOM is BORED!
 11660 | D:4      | XOM: give mutations
 11660 | D:4      | Gained mutation: You occasionally shout uncontrollably at
                  | your foes. [Xom's mischief]
 11660 | D:4      | Gained mutation: Your magical capacity is low. (-10% MP)
                  | [Xom's mischief]
 11660 | D:4      | Lost mutation: You are clumsy. (Dex -2) [Xom's mischief]
 11660 | D:4      | Gained mutation: Your magical capacity is very low. (-20%
                  | MP) [Xom's mischief]
 11917 | D:5      | Entered Level 5 of the Dungeon
 11962 | D:5      | XOM: silly message
 11987 | D:5      | XOM: noise
 12007 | D:5      | XOM: summons 4 friendly demons
 12031 | D:5      | XOM: chaos upgrade
 12040 | D:5      | XOM: swap monsters
 12042 | D:5      | Reached skill level 8 in Stealth
 12213 | D:5      | Reached XP level 8. HP: 54/54 MP: 6/6
 12262 | D:5      | XOM: blink monster(s)
 12418 | D:5      | XOM: divination: magic mapping
 12587 | D:5      | XOM: divination: detect items
 12682 | D:5      | Reached skill level 5 in Fighting
 12686 | D:5      | Reached skill level 1 in Shields
 12770 | D:5      | Reached skill level 9 in Stealth
 12809 | D:5      | XOM: divination: detect items
 12984 | D:5      | XOM: potion effect (might)
 13039 | D:5      | XOM: silly message
 13044 | D:5      | Reached skill level 5 in Dodging
 13119 | D:5      | Reached XP level 9. HP: 28/61 MP: 7/7
 13337 | D:5      | XOM: summons friendly crimson imp
 13471 | D:5      | Identified the amulet "Voddiuff" {Faith +Inv Will+ Str+4}
 13564 | D:6      | XOM: stealth player
 13577 | D:6      | XOM: 4-stop teleportation journey
 13584 | D:6      | Found a sparkling altar of Nemelex Xobeh.
 13639 | D:6      | XOM: summons friendly crimson imp
 13700 | D:6      | XOM: god gift: 3 large rocks
 13730 | D:6      | Reached skill level 10 in Stealth
 13733 | D:6      | XOM: god gift: wand of paralysis (4)
 13907 | D:6      | XOM: scenery: 1 doors open
 13954 | D:6      | Found a staircase to the Ecumenical Temple.
 14153 | D:6      | XOM: cast spell 'Summon Cactus Giant'
 14922 | D:5      | XOM: give mutations
 14922 | D:5      | Gained mutation: You are somewhat resistant to further
                  | mutation. [Xom's grace]
 14922 | D:5      | Gained mutation: You have a pair of small antennae on your
                  | head. [Xom's grace]
 15264 | D:5      | XOM: stat loss: -1 Str (14/16)
 15368 | D:5      | XOM: noise
 15733 | D:5      | XOM: god gift: 11 gold pieces
 15920 | D:5      | XOM: silly message
 15963 | D:5      | XOM: silly message
 16417 | D:5      | XOM: silly message
 16419 | D:5      | XOM: noise
 16611 | D:5      | XOM: god gift: potion of curing
 17264 | D:5      | XOM: noise
 17333 | D:5      | XOM: give mutations
 17333 | D:5      | Lost mutation: You passively map a small area around you.
                  | [Xom's mischief]
 17333 | D:5      | Gained mutation: You are weak. (Str -2) [Xom's mischief]
 17380 | D:5      | XOM: give mutations
 17380 | D:5      | Lost mutation: You are partially covered in iridescent
                  | scales. (AC +2) [Xom's mischief]
 17380 | D:5      | Lost mutation: You are weak. (Str -2) [Xom's mischief]
 17380 | D:5      | Gained mutation: You are weak. (Str -2) [Xom's mischief]
 17870 | D:5      | XOM: polymorph iguana -> bullfrog
 17876 | D:5      | Reached skill level 1 in Evocations
 17906 | D:5      | Lost mutation: Your body sometimes deteriorates upon taking
                  | damage. [potion of mutation]
 17906 | D:5      | Lost mutation: You are somewhat resistant to further
                  | mutation. [potion of mutation]
 17906 | D:5      | Gained mutation: One of your tentacles bears a spike.
                  | [potion of mutation]
 17906 | D:5      | Gained mutation: You are frail. (-10% HP) [potion of
                  | mutation]
 18261 | D:5      | XOM: give mutations
 18261 | D:5      | Gained mutation: Your spells are a little harder to cast,
                  | but a little more powerful. [Xom's mischief]
 18261 | D:5      | Gained mutation: One of your tentacles bears a nasty spike.
                  | [Xom's mischief]
 18261 | D:5      | Gained mutation: You are partially covered in iridescent
                  | scales. (AC +2) [Xom's mischief]
 18303 | D:5      | XOM: summons 4 hostile demons
 18706 | D:5      | XOM: draining
 19412 | D:5      | XOM: give mutations
 19412 | D:5      | Lost mutation: You are frail. (-10% HP) [Xom's mischief]
 19412 | D:5      | Gained mutation: You are clumsy. (Dex -2) [Xom's mischief]
 19743 | D:5      | XOM: summons 4 hostile demons
 20309 | D:5      | XOM: torment (33/57 hp)
 21470 | D:5      | XOM is BORED!
 21470 | D:5      | XOM: stat loss: -2 Str (10/14)
 21523 | D:5      | XOM: give mutations
 21523 | D:5      | Lost mutation: You are weak. (Str -2) [Xom's mischief]
 21523 | D:5      | Gained mutation: You expend magic power (3 MP) to
                  | strengthen your wands. [Xom's mischief]
 21523 | D:5      | Lost mutation: You are partially covered in iridescent
                  | scales. (AC +2) [Xom's mischief]
 21825 | D:5      | XOM: torment (33/57 hp)
 22474 | D:5      | XOM: scenery: summon butterflies
 22760 | D:5      | XOM: summons 4 hostile shadow creatures
 22930 | D:6      | XOM: give mutations
 22930 | D:6      | Lost mutation: You are very dopey. (Int -4) [Xom's
                  | mischief]
 22930 | D:6      | Lost mutation: You are dopey. (Int -2) [Xom's mischief]
 22939 | D:6      | XOM: noise
 23107 | D:6      | XOM is BORED!
 23322 | D:6      | XOM: summons 3 hostile shadow creatures
 23531 | D:5      | XOM: torment (33/57 hp)
 23594 | D:5      | XOM: stat loss: -1 Int (19/20)
 23895 | D:5      | XOM: noise
 23997 | D:5      | XOM: cloud trail
 24173 | D:5      | XOM: summons 5 hostile demons
 24174 | D:5      | Noticed a sixfirhy
 24505 | D:6      | XOM: give mutations
 24505 | D:6      | Lost mutation: You have a pair of small antennae on your
                  | head. [Xom's mischief]
 24505 | D:6      | Lost mutation: You are clumsy. (Dex -2) [Xom's mischief]
 24505 | D:6      | Lost mutation: Your spells are a little harder to cast, but
                  | a little more powerful. [Xom's mischief]
 24505 | D:6      | Gained mutation: Your flesh is cold resistant. (rC+) [Xom's
                  | mischief]
 24661 | D:6      | XOM: silly message
 24774 | D:6      | Identified the +6 quick blade of Wet Xeav {chaos, rN+ Str+3
                  | Int+2 Dex-2} (Xom gifted it to you on level 6 of the
                  | Dungeon)
 24774 | D:6      | XOM: god gift: +6 quick blade of Wet Xeav {chaos, rN+ Str+3
                  | Int+2 Dex-2}
 24816 | D:7      | Found a hide-covered altar of Uskayaw.
 24903 | D:7      | XOM: blink monster(s)
 25172 | D:7      | a shapeshifter changed into a polar bear
 25172 | D:7      | Noticed a polar bear (shapeshifter)
 25174 | D:7      | XOM: 3-stop teleportation journey
 25186 | D:7      | XOM: god gift: amethyst potion {god gift}
 25299 | D:7      | XOM: blink monster(s)
 25321 | D:7      | XOM: cloud trail
 25380 | D:7      | XOM: 5-stop teleportation journey
 25397 | D:7      | Reached skill level 1 in Shapeshifting
 25764 | D:7      | XOM: silly message
 25872 | D:7      | Noticed a harpy
 25872 | D:7      | a harpy changed into a human
 25881 | D:7      | Reached XP level 10. HP: 68/68 MP: 8/8
 25884 | D:7      | XOM: divination: detect items
 25891 | D:7      | Reached skill level 11 in Stealth
 26038 | D:8      | Found a broken altar of Ashenzari.
 26042 | D:8      | Saw a vision of the Swamp and the Spider Nest.
 26042 | D:8      | Noticed an eleionoma
 26042 | D:8      | Noticed a goliath frog
 26042 | D:8      | Noticed a sun moth
 26042 | D:8      | Noticed a radroach
 26042 | D:8      | Noticed a pharaoh ant
 26042 | D:8      | Noticed a wolf spider
 26044 | D:8      | Noticed a torpor snail
 26045 | D:8      | Noticed a will-o-the-wisp
 26045 | D:8      | Noticed an emperor scorpion
 26046 | D:8      | Noticed a pharaoh ant
 26161 | D:8      | XOM: silly message
 26175 | D:8      | Found a basalt altar of Yredelemnul.
 26230 | D:8      | Found a flagged portal.
 26246 | Bailey   | Entered a bailey
 26251 | Bailey   | XOM: confuse monster(s)
 26334 | Bailey   | Noticed a vault guard
 26336 | Bailey   | XOM: cleaving
 26340 | Bailey   | a vault guard changed into an emperor scorpion
 26340 | Bailey   | Noticed an emperor scorpion
 26340 | Bailey   | XOM: polymorph vault guard -> emperor scorpion
 26346 | Bailey   | Killed an emperor scorpion
 26347 | Bailey   | Reached skill level 12 in Stealth
 26428 | Bailey   | Noticed a vault guard
 26428 | Bailey   | Noticed Prince Ribbit
 26442 | Bailey   | XOM: torment (42/68 hp)
 26444 | Bailey   | XOM: chaos upgrade
 26447 | Bailey   | XOM: swap monsters
 26448 | Bailey   | Killed a vault guard
 26449 | Bailey   | XOM: summons 6 hostile demons
 26450 | Bailey   | Noticed a rust devil
 26452 | Bailey   | XOM: scenery: summon butterflies
 26453 | Bailey   | Killed Prince Ribbit
 26454 | Bailey   | Reached XP level 11. HP: 12/72 MP: 8/8
 26527 | Bailey   | XOM: summons 6 hostile demons
 26898 | D:8      | Found a glowing golden altar of the Shining One.
 26943 | D:8      | Noticed Amaemon
 26951 | D:8      | Killed Amaemon
 26957 | D:8      | Reached skill level 5 in Evocations
 27042 | D:8      | XOM: stat loss: -1 Int (22/23)
 27291 | D:8      | XOM: cloud trail
 27461 | D:8      | XOM: give mutations
 27461 | D:8      | Lost mutation: One of your tentacles bears a nasty spike.
                  | [Xom's mischief]
 27461 | D:8      | Lost mutation: You expend magic power (3 MP) to strengthen
                  | your wands. [Xom's mischief]
 27461 | D:8      | Gained mutation: You are clumsy. (Dex -2) [Xom's mischief]
 27531 | D:8      | XOM: cloud trail
 27736 | D:9      | Noticed Jeremiah
 27741 | D:9      | XOM: confuse monster(s)
 27745 | D:9      | Killed Jeremiah
 27828 | D:9      | Found Dofof's Antique Weapon Shoppe.
 27860 | D:9      | XOM: divination: detect creatures
 27907 | D:9      | Reached skill level 5 in Shapeshifting
 27948 | D:9      | XOM: scenery: summon butterflies
 27953 | D:9      | Paralysed by a hornet for 2 turns
 27992 | D:9      | XOM: noise
 27993 | D:9      | XOM: polymorph kobold brigand -> human
 28008 | D:9      | Noticed a two-headed ogre
 28026 | D:9      | XOM: divination: magic mapping
 28035 | D:9      | XOM: cleaving
 28101 | D:9      | Killed a two-headed ogre
 28110 | D:9      | XOM: cloud trail
 28116 | D:9      | XOM: scenery: 1 doors open, 1 doors close
 28433 | D:9      | XOM: god gift: +1 kite shield of protection
 28497 | D:10     | Entered Level 10 of the Dungeon
 28503 | D:10     | Found a transporter.
 28517 | D:10     | Found a shimmering altar of Xom.
 28544 | D:10     | Learned a level 1 spell: Slow
 28569 | D:10     | Noticed Urug
 28573 | D:10     | XOM: summons 3 friendly demons
 28581 | D:10     | Killed Urug
 28638 | D:10     | XOM: 2-stop teleportation journey
 28707 | D:10     | Found a transporter.
 28718 | D:10     | Noticed DocEon's ghost (journeyman DrSh)
 28751 | D:10     | XOM: scenery: summon butterflies
 28752 | D:10     | XOM: 8-stop teleportation journey
 28783 | D:10     | Found a radiant altar of Vehumet.
 28794 | D:10     | Reached skill level 5 in Shields
 29011 | D:10     | XOM: destruction
 29016 | D:10     | XOM: repel stairs
 29017 | D:10     | XOM: blink monster(s)
 29028 | D:10     | XOM: 3-stop teleportation journey
 29048 | D:10     | XOM: summons 3 hostile demons
 29074 | D:10     | XOM: give mutations
 29074 | D:10     | Lost mutation: Your flesh is cold resistant. (rC+) [Xom's
                  | mischief]
 29074 | D:10     | Gained mutation: You are partially covered in large bone
                  | plates. (SH +4) [Xom's mischief]
 29074 | D:10     | Gained mutation: You sometimes lose your temper in combat.
                  | [Xom's mischief]
 29074 | D:10     | Gained mutation: You frequently scream uncontrollably at
                  | your foes. [Xom's mischief]
 29166 | D:10     | Reached skill level 13 in Stealth
 29166 | D:10     | Reached XP level 12. HP: 67/80 MP: 9/9
 29166 | D:10     | XOM: summons friendly ufetubus
 29167 | D:10     | XOM: divination: detect items
 29229 | D:10     | Found a blossoming altar of Fedhas.
 29266 | D:10     | XOM: summons friendly crimson imp
 29269 | D:10     | XOM: destruction
 29270 | D:10     | XOM: give mutation
 29270 | D:10     | Gained mutation: Your flesh is heat resistant. (rF+) [Xom's
                  | grace]
 29365 | D:10     | Found a staircase to the Orcish Mines.
 29458 | D:11     | Found a frozen archway.
 29473 | D:11     | XOM: summons 9 friendly demons
 29474 | D:11     | Found a staircase to the Lair.
 29505 | IceCv    | Entered an ice cave
 29590 | IceCv    | XOM: cleaving
 29591 | IceCv    | Noticed a death yak
 29593 | IceCv    | Noticed a death yak
 29600 | IceCv    | a death yak changed into a broodmother
 29600 | IceCv    | Noticed a broodmother
 29600 | IceCv    | XOM: polymorph death yak -> broodmother
 29603 | IceCv    | Killed a broodmother
 29605 | IceCv    | Killed a death yak
 29608 | IceCv    | Killed a death yak
 29612 | IceCv    | Noticed a death yak
 29612 | IceCv    | Noticed a frost giant
 29612 | IceCv    | XOM: 10-stop teleportation journey
 29646 | IceCv    | XOM: god gift: ring mail {god gift}
 29695 | IceCv    | Noticed a death yak
 29695 | IceCv    | Noticed a death yak
 29698 | IceCv    | a death yak changed into a shapeshifter
 29698 | IceCv    | XOM: polymorph death yak -> shapeshifter
 29699 | IceCv    | XOM: 5-stop teleportation journey
 29702 | IceCv    | XOM: smoke on damage
 29704 | IceCv    | Killed from afar by a frost giant

Illustrated notes

Levels and vault maps discovered:
D:1:      erik_arrival_orb_chamber, layout_basic, serial_shops, shop
D:2:      layout_rooms, nicolae_ecumenical_snake_handling
D:3:      layout_basic, lemuel_doored_altar
D:4:      layout_loops_ring, uniq_pikel
D:5:      minmay_octagon_keep, layout_loops_ring, sword_in_stone
D:6:      layout_basic, mainiacjoe_overflow_six_doors_small,
          minmay_temple_entry_statues_fountains
D:7:      statuecave_lemuel, layout_rooms, mainiacjoe_overflow_alcove_2
D:8:      layout_basic, nicolae_yredelemnul_corpse_copse,
          grunt_ashenzari_visionary [grunt_ashenzari_visionary_swamp,
          grunt_ashenzari_visionary_spider], overflow_temple_1_default,
          enter_bailey_4, uniq_amaemon
D:9:      layout_rooms, serial_shops, nicolae_shop_hallway_stairs, st_stairs_2,
          uniq_jeremiah
D:10:     layout_cave_pools, mainiacjoe_overflow_catwalk, minitemple,
          orc_0_dummy, gammafunk_ghost_stat_death, uniq_urug
D:11:     layout_basic, david_lair_generic, portal_ice_cave_entry_pillars_2,
          kiku_gazebo_pond_becter
IceCv:    ice_cave_small_giant

Skill      XL: |  1  2  3  4  5  6  7  8  9 10 11 12 |
---------------+-------------------------------------+-----
Stealth        | 2 4 7 8 9 10 12 13 | 13.5
Dodging        | 3 4 5 6 7 |  7.9
Fighting       | 4 5 6 7 |  7.3
Short Blades   | 4 5 6 7 8 9 |  9.9
Shields        | 1 3 4 5 |  5.8
Evocations     | 2 4 6 7 |  7.5
Shapeshifting  | 1 4 6 7 |  7.3
Throwing       | |  0.4

Action                     |  1- 3 |  4- 6 |  7- 9 | 10-12 || total
---------------------------+-------+-------+-------+-------++-------
  Melee: Short sword       |    83 |    74 |   243 |       ||   400
         Constrict         |    18 |    12 |    65 |    64 ||   159
         Tentacles         |    13 |    14 |   100 |   123 ||   250
         Punch             |       |       |     7 |    10 ||    17
         Quick blade       |       |       |    69 |   453 ||   522
         Kick              |       |       |    30 |   203 ||   233
  Throw: Dart              |       |       |     2 |       ||     2
  Evoke: Wand              |       |       |       |     4 ||     4
    Use: Scroll            |       |     3 |     7 |    11 ||    21
         Potion            |       |       |     5 |     5 ||    10
   Stab: Sleeping          |     5 |     8 |    16 |    17 ||    46
         Distracted        |     1 |       |       |     2 ||     3
         Paralysed         |       |       |       |     3 ||     3
         Confused          |       |       |       |     2 ||     2
 Armour: Skin              |    28 |    38 |   108 |   121 ||   295
  Dodge: Dodged            |    38 |    34 |   112 |   115 ||   299
  Block: Kite shield       |       |       |    77 |   153 ||   230
   Form: Beast             |       |       |     1 |       ||     1

Table legend: (Time is in decaauts)
 A = Elapsed time spent in this place.
 B = Non-inter-level travel time spent in this place.
 C = Inter-level travel time spent in this place.
 D = Time resting spent in this place.
 E = Time spent auto-exploring this place.
 F = Levels seen in this place.
 G = Mean time per level.
                   A        B        C        D        E       F      G
               +--------+--------+--------+--------+--------+-----+--------+
         Total |  29668 |  28961 |    707 |  21038 |   5913 |  13 | 2282.2 |
       Dungeon |  28907 |  28200 |    707 |  20747 |   5651 |  11 | 2627.9 |
        Bailey |    556 |    556 |      0 |    239 |    155 |   1 |  556.0 |
      Ice Cave |    205 |    205 |      0 |     52 |    107 |   1 |  205.0 |
               +--------+--------+--------+--------+--------+-----+--------+

Top non-repeatable levels by time:
     D:5: 10248 daAuts
     D:1: 9873 daAuts
     D:6: 2690 daAuts
     D:8: 1284 daAuts
     D:7: 1055 daAuts
     D:9: 935 daAuts
     D:4: 755 daAuts
     D:3: 742 daAuts
    D:10: 711 daAuts
  Bailey: 556 daAuts
     D:2: 524 daAuts
   IceCv: 205 daAuts
    D:11: 83 daAuts
